 Dungeon Crawl Stone Soup version bcrawl-1.36 (webtiles) character file.

Game seed: 9015128714123121343

166109 MisterOstroum the Poker (level 5, -2/57 HPs)
             Began as an Ent Fighter on May 3, 2022.
             Slain by an ogre
             ... wielding a cursed -3 giant club
              (6 damage)
             ... on level 3 of the Dungeon.
             The game lasted 00:02:23 (2213 turns).

MisterOstroum the Poker (Ent Fighter)               Turns: 2213, Time: 00:02:24

Health: -2/57      AC: 15    Str: 25    XL:     5   Next: 30%
Magic:  5/5        EV: 10    Int:  8    God:
Gold:   121        SH:  0    Dex:  9    Spells: 4/4 levels left

rFire    . . .     SeeInvis .   a - +0 trident
rCold    . . .     Gourm    .   (no shield)
rNeg     + + +     Faith    .   (armour unavailable)
rPois    +         Spirit   .   (helmet restricted)
rElec    .         Reflect  .   (no cloak)
rCorr    .                      (gloves unavailable)
MR       .....                  (boots unavailable)
Stlth    +.........             (no amulet)
HPRegen  0.19/turn              m - +3 ring of protection
MPRegen  0.09/turn              s - +1 ring of slaying

@: very slow
A: large, slow actions, passwall, strong branches, negative energy resistance 3,
poison resistance, slow metabolism 1, torment resistance, unbreathing, AC +12
a: Passwall


You were on level 3 of the Dungeon.
You were not hungry.

You visited 1 branch of the dungeon, and saw 3 of its levels.

You collected 121 gold pieces.

Inventory:

Hand Weapons
 a - a +0 trident (weapon)
 o - a +0 hunting sling
Missiles
 k - 433 bolts
 n - 114 poisoned tomahawks (quivered)
 p - 263 arrows
 q - 4 stones
 r - 113 poisoned needles
Armour
 b - a +0 medium shield
 t - a cursed +0 cloak
Jewellery
 m - a +3 ring of protection (left hand)
 s - a +1 ring of slaying (right hand)
Scrolls
 f - 2 scrolls of noise {unknown}
 h - a scroll of teleportation {unknown}
 i - 3 scrolls of identify {@r1}
 j - a scroll of remove curse {unknown}
 u - a scroll of amnesia {unknown}
Potions
 c - a potion of might {@q3 !q}
 g - a potion of haste {unknown}
 l - a potion of mutation {unknown}
Comestibles
 d - 6 chunks of flesh
 e - 2 rations {!d}


   Skills:
 - Level 3.2 Fighting
 + Level 6.2 Polearms
 - Level 2.6 Dodging
 - Level 2.4 Shields


You had 4 spell levels left.
You didn't know any spells.
Your spell library was empty.

Dungeon Overview and Level Annotations

Branches:
Dungeon (3/12)

Altars:

Annotations:
D:3 exclusion: 4 doors


Innate Abilities, Weirdness & Mutations

You move and act slowly.
You can pass through walls and trees.
Your branches can wield two-handed weapons with a shield.
Your thick bark is tough. (AC +12)
You are too large for most types of armour.
You are immune to negative energy. (rN+++)
Your system is resistant to poisons. (rPois)
You have a slow metabolism.
You are immune to unholy pain and torment.
You can survive without breathing.


Message History

You kill the kobold!
The quokka barely misses you. The adder misses you.
The quokka bites you but does no damage.
You hit the adder.
The adder is moderately wounded.
The adder bites you. The quokka closely misses you.
The adder closely misses you.
You barely miss the adder.
The adder is moderately wounded.
The quokka bites you but does no damage.
The adder bites you but does no damage. The quokka barely misses you.
The adder bites you but does no damage.
You hit the adder.
The adder is almost dead.
The quokka bites you but does no damage.
The adder bites you.
The quokka bites you but does no damage.
The adder bites you but does no damage.
You barely miss the adder.
The adder is almost dead.
The quokka closely misses you. The adder bites you but does no damage.
You closely miss the adder.
The adder is almost dead.
The quokka bites you but does no damage.
The adder bites you but does no damage. The adder closely misses you.
The quokka bites you but does no damage.
There are monsters nearby!
There are monsters nearby!
You miss the adder.
The adder is almost dead.
The adder bites you but does no damage. The quokka barely misses you.
The adder bites you but does no damage.
The quokka bites you but does no damage.
You puncture the adder!
You kill the adder!
The quokka bites you.
You miss the quokka. The quokka closely misses you.
The quokka barely misses you.
You closely miss the quokka.
The quokka bites you but does no damage. x2
You hit the quokka.
You kill the quokka!
No target in view!
No target in view!
No target in view!
No target in view!
No target in view!
No target in view!
No target in view!
No target in view!
No target in view!
Eating one of 3 chunks of flesh.
You eat one of the 3 chunks of flesh.
This raw flesh tastes terrible.
q - 4 stones (gained 1)
You butcher the adder corpse.
d - 4 chunks of flesh (gained 2)
Things that are here:
a +0 dagger; an adder skeleton
Things that are here:
a +0 dagger; an adder skeleton You butcher the hobgoblin corpse.
d - 6 chunks of flesh (gained 2)
You see here a hobgoblin skeleton. x2
Things that are here:
a +0 dagger; an adder skeleton
Found a stone staircase leading down.
Key pressed, stopping explore.
You now have 121 gold pieces (gained 11).
An ogre comes into view. It is wielding a -3 giant club.
You have encountered a dangerous foe!
The ogre shouts!
You hit the ogre.
The ogre is lightly wounded.
The ogre closely misses you.
You barely miss the ogre.
The ogre is lightly wounded.
The ogre barely misses you.
You puncture the ogre!
The ogre is heavily wounded.
The ogre misses you. The ogre barely misses you.
You hit the ogre.
The ogre is heavily wounded.
The ogre hits you with a cursed -3 giant club!!
You hit the ogre.
The ogre is severely wounded.
The ogre hits you with a cursed -3 giant club!
You are too injured to fight recklessly!
You are too injured to fight recklessly!
You are too injured to fight recklessly!
You hit the ogre but do no damage.
The ogre is severely wounded.
The ogre hits you with a cursed -3 giant club!
* * * LOW HITPOINT WARNING * * *
You barely miss the ogre.
The ogre is severely wounded.
The ogre hits you but does no damage.
You hit the ogre.
The ogre is severely wounded.
The ogre hits you with a cursed -3 giant club.
You die...

..........#..# #.....
##.........## #.....
#######...####.....
#.......#......
#..............
#............#.
#.>.........##.
..########.......##...#.
.......@................
..##.#O###.......##.###.
#. #.......##.###. #.
#####.......... #.
#........>. ..
#.......... ..
............ .?
##.......... #..........


You could see an ogre.

Vanquished Creatures
  Jessica (D:2)
  5 adders
  2 gnolls (D:3)
  4 worms
  2 dart slugs (D:1)
  5 leopard geckos
  A ball python (D:2)
  5 bats
  3 giant cockroaches (D:2)
  4 goblins
  7 hobgoblins
  8 jackals
  A quokka (D:3)
  4 frilled lizards
  10 kobolds
  6 rats
68 creatures vanquished.

Notes
Turn   | Place    | Note
-------+----------+-------------------------------------------
     0 | D:1      | MisterOstroum the Ent Fighter began the quest for the Orb.
     0 | D:1      | Reached XP level 1. HP: 25/25 MP: 1/1
   112 | D:1      | Reached skill level 3 in Polearms
   112 | D:1      | Reached XP level 2. HP: 33/33 MP: 2/2
   884 | D:1      | Reached XP level 3. HP: 39/40 MP: 3/3
  1259 | D:2      | Reached skill level 4 in Polearms
  1589 | D:2      | Reached XP level 4. HP: 49/49 MP: 4/4
  1621 | D:2      | Noticed Jessica
  1633 | D:2      | Killed Jessica
  1634 | D:2      | Reached skill level 5 in Polearms
  2091 | D:3      | Reached XP level 5. HP: 57/57 MP: 5/5
  2134 | D:3      | Reached skill level 6 in Polearms
  2205 | D:3      | Noticed an ogre
  2213 | D:3      | Slain by an ogre

Skill      XL: |  1  2  3  4  5 |
---------------+----------------+-----
Polearms       | 3 4 5 6 |  6.2
Fighting       | |  3.2
Dodging        | |  2.6
Shields        | |  2.4

Action                   |  1- 3 |  4- 6 || total
-------------------------+-------+-------++-------
Melee: Trident           |   101 |   109 ||   210
  Eat: Chunk             |     5 |     4 ||     9
Armor: Skin              |    86 |    76 ||   162
Dodge: Dodged            |    76 |    99 ||   175
Block: Medium shield     |    20 |       ||    20
